 Dungeon Crawl Stone Soup version 0.17-a0-1583-g2df49ec (webtiles) character file.

177 nrokreffefp the Sneak (level 5, -4/32 HPs)
             Began as a Kobold Assassin on July 29, 2015.
             Slain by Grinder (5 damage)
             ... on level 3 of the Dungeon.
             The game lasted 00:13:13 (3964 turns).

nrokreffefp the Sneak (Kobold Assassin)             Turns: 3964, Time: 00:13:13

Health: -4/32      AC:  3    Str:  8    XL:     5   Next: 87%
Magic:  5/5        EV: 14    Int:  9    God:
Gold:   123        SH:  0    Dex: 18    Spells: 0 memorised, 4 levels left

rFire  . . .     SeeInvis .     b - +1 blowgun
rCold  . . .     Clarity  .     c - +0 robe
rNeg   . . .     SustAt   .     (shield restricted)
rPois  .         Gourm    .     (no helmet)
rElec  .         Spirit   .     d - +0 cloak
rCorr  .         Warding  .     (no gloves)
rMut   .         Stasis   .     (no boots)
MR     .....                    (no amulet)
Stlth  ++++......               (no ring)
                                r - -2 ring of strength (curse)

@: not resistant to hostile enchantments, stealthy
A: carnivore 3
a: no special abilities


You were on level 3 of the Dungeon.
You were completely stuffed.

You visited 1 branch of the dungeon, and saw 3 of its levels.

You collected 123 gold pieces.

Inventory:

Hand weapons
 a - a +2 dagger
 b - a +1 blowgun (weapon)
 j - a +0 short sword of draining
Missiles
 e - 2 poisoned needles (quivered)
 x - 32 stones
Armour
 c - a +0 robe (worn)
 d - a +0 cloak (worn)
Jewellery
 r - a cursed -2 ring of strength (left hand)
Scrolls
 i - 6 scrolls of identify
 l - a scroll of noise
 n - a scroll of teleportation
 s - a scroll of enchant weapon
Potions
 h - 2 potions of brilliance
 k - 8 potions of curing
 u - 2 potions of might {unknown}
Books
 v - a book of the Warp

   Spells                             Type                      Level
   a - Recall                         Summoning/Translocation      3
   b - Gell's Gravitas                Hexes/Translocation          3
   c - Force Lance                    Conjuration/Translocation    4
   d - Phase Shift                    Translocation                5
   e - Warp Weapon                    Charms/Translocation         5
   f - Summon Forest                  Summoning/Translocation      5
Comestibles
 g - 2 meat rations
 m - 5 chunks of flesh
 o - a royal jelly
 p - 2 slices of pizza


   Skills:
 + Level 2.9 Fighting
 * Level 4.8 Short Blades
 - Level 2.6 Throwing
 - Level 1.2 Dodging
 + Level 7.7 Stealth


You had 4 spell levels left.
You didn't know any spells.

Dungeon Overview and Level Annotations

Branches:
Dungeon (3/15)

Altars:
Sif Muna

Annotations:
D:3 Grinder


Innate Abilities, Weirdness & Mutations

You are small and have problems with some larger weapons.
You are carnivorous and can eat meat at any time.


Message History

Press: ? - help, Shift-Dir - straight line, f/p - Grinder
Aim: Grinder You shoot a curare-tipped needle.
The curare-tipped needle hits Grinder.
Grinder hits you.
You writhe in agony.
Firing (i - inventory. (,) - cycle):
e - 4 poisoned needles (quivered)
Press: ? - help, Shift-Dir - straight line, f/p - Grinder
Aim: Grinder You shoot a poisoned needle.
The poisoned needle closely misses Grinder.
Grinder hits you!
* * * LOW HITPOINT WARNING * * *
You writhe in agony.
* * * LOW HITPOINT WARNING * * *
Firing (i - inventory. (,) - cycle):
e - 3 poisoned needles (quivered)
Press: ? - help, Shift-Dir - straight line, f/p - Grinder
Aim: Grinder You shoot a poisoned needle.
The poisoned needle closely misses Grinder.
Grinder hits you.
You die...

#.#####.....#,#####.#...........#
.....(......#,* #.##.#..##.##.#
#.#####.....#,* #.##.#..##.#*,#
..# ##...<#,* #.##.##.##>#*,* ###
#.##.#,* *#.##.##.##.#*,*
#.#*.#,* *...#.##.##.#*,*
#.#*.#,*###.#,#..#.##.##.# #
#.#*.#.##...#,..#..oo....#
########.##.#(.5@####.###.).(####
...............#...#.>.#......o.,
......##.#######.#.#.##.#.#######
.####.##.# #..............# .#
#.##.###.###.########## .#
#.##.....###.# .# #..))........#
## ##############


You could see Grinder.

Vanquished Creatures
  A giant frog zombie (D:3)
  An orc wizard (D:3)
  4 adders
  3 oozes
  2 worms
  3 giant geckos
  8 orcs (D:3)
  7 goblins
  6 hobgoblins
  3 jackals (D:3)
  8 kobolds
  2 ball pythons
  6 bats
  3 giant cockroaches
  4 giant newts
  9 rats
70 creatures vanquished.

Notes
Turn   | Place    | Note
--------------------------------------------------------------
     0 | D:1      | nrokreffefp the Kobold Assassin began the quest for the Orb.
     0 | D:1      | Reached XP level 1. HP: 12/12 MP: 1/1
   375 | D:1      | Reached XP level 2. HP: 11/17 MP: 2/2
   555 | D:1      | Reached skill level 6 in Stealth
   717 | D:1      | Reached XP level 3. HP: 17/21 MP: 3/3
  1596 | D:2      | Reached XP level 4. HP: 27/27 MP: 4/4
  2022 | D:2      | Found a deep blue altar of Sif Muna.
  2528 | D:3      | Reached skill level 7 in Stealth
  2799 | D:3      | Reached XP level 5. HP: 11/31 MP: 5/5
  3955 | D:3      | Noticed Grinder
  3963 | D:3      | HP: 1/32 [Grinder (6)]
  3964 | D:3      | Slain by Grinder

Vault maps used:
D:1:      dpeg_arrival_arbitrary_b, kennysheep_another_room
D:2:      kennysheep_big_flooded_room, lemuel_crystal_altar
D:3:      uniq_grinder, uniq_terence, uniq_jessica, uniq_iyjb

Action                   |  1- 3 |  4- 6 || total
-------------------------+-------+-------++-------
Melee: Dagger            |    88 |   142 ||   230
 Fire: Blowgun           |       |    12 ||    12
Throw: Stone             |       |    30 ||    30
  Use: Scroll            |       |     8 ||     8
       Potion            |       |     2 ||     2
 Stab: Sleeping          |    11 |     9 ||    20
  Eat: Chunk             |     8 |    10 ||    18
